[Event "11th LCC FIDE Open 2019"]
[Site "London"]
[Date "2019.12.02"]
[Round "5.2"]
[White "Gormally, Daniel W"]
[Black "Grover, Sahaj"]
[Result "1/2-1/2"]
[ECO "C78"]
[WhiteElo "2491"]
[BlackElo "2508"]
[Annotator "ChessBase"]
[PlyCount "77"]
[EventDate "2019.11.29"]
[EventType "swiss"]
[EventCountry "ENG"]
[SourceTitle "playchess.com"]
[Source "ChessBase"]
[SourceQuality "1"]
[TimeControl "40/5400+30:1800+30"]

1. e4 e5 2. Nf3 Nc6 3. Bb5 a6 4. Ba4 Nf6 5. O-O Bc5 6. c3 b5 7. Bc2 d5 8. d4 dxe4 9. dxc5 Qxd1 10. Bxd1 exf3 11. Bxf3 e4 12. Be2 Bg4 13. f3 exf3 14. gxf3 Bh3 15. Rd1 O-O 16. Bg5 Rfe8 17. Kf2 Nh5 18. Nd2 h6 19. Be3 Re6 20. Re1 Nf6 21. Nb3 Rae8 22. Bd2 Nd7 23. Nd4 Nxd4 24. cxd4 Nf6 25. Bd3 Rd8 26. Rxe6 Bxe6 27. Be3 Bc4 28. Bc2 b4 29. a3 bxa3 30. Rxa3 Nd5 31. Bd2 Rb8 32. b3 Bb5 33. Ra1 Rd8 34. Re1 Kf8 35. h4 Ne7 36. Bc3 Nc6 37. Rd1 Ne7 38. Re1 Nc6 39. Rd1 1/2-1/2

[Event "11th LCC FIDE Open 2019"]
[Site "London"]
[Date "2019.12.02"]
[Round "5.3"]
[White "Aravindh, Chithambaram Vr"]
[Black "Hebden, Mark L"]
[Result "1-0"]
[ECO "A38"]
[WhiteElo "2605"]
[BlackElo "2436"]
[Annotator "ChessBase"]
[PlyCount "67"]
[EventDate "2019.11.29"]
[EventType "swiss"]
[EventCountry "ENG"]
[SourceTitle "playchess.com"]
[Source "ChessBase"]
[SourceQuality "1"]
[TimeControl "40/5400+30:1800+30"]

1. Nf3 Nf6 2. g3 g6 3. b3 Bg7 4. Bb2 c5 5. c4 d6 6. Bg2 e5 7. O-O O-O 8. Nc3 Nc6 9. e3 Re8 10. d3 Rb8 11. h3 a6 12. Nd2 Be6 13. Rc1 Qd7 14. Kh2 b5 15. Nde4 Nxe4 16. Nxe4 f6 17. Bc3 Rbc8 18. f4 b4 19. Ba1 f5 20. Ng5 exf4 21. gxf4 Nd8 22. d4 Nf7 23. dxc5 Nxg5 24. c6 Qe7 25. Bxg7 Ne4 26. Ba1 Rxc6 27. Qd4 Kf8 28. Bxe4 fxe4 29. Qh8+ Bg8 30. f5 g5 31. f6 Qf7 32. Rf5 Rc5 33. Rcf1 Rec8 34. Bd4 1-0

[Event "11th LCC FIDE Open 2019"]
[Site "London"]
[Date "2019.12.02"]
[Round "5.5"]
[White "Kirk, Ezra G"]
[Black "Petrov, Martin"]
[Result "0-1"]
[ECO "B51"]
[WhiteElo "2433"]
[BlackElo "2497"]
[Annotator "ChessBase"]
[PlyCount "56"]
[EventDate "2019.11.29"]
[EventType "swiss"]
[EventCountry "ENG"]
[SourceTitle "playchess.com"]
[Source "ChessBase"]
[SourceQuality "1"]
[TimeControl "40/5400+30:1800+30"]

1. e4 c5 2. Nf3 d6 3. Bb5+ Nd7 4. c3 Ngf6 5. Qe2 a6 6. Ba4 b5 7. Bc2 Bb7 8. d4 g6 9. O-O Bg7 10. Re1 O-O 11. e5 Ne8 12. dxc5 dxe5 13. b4 a5 14. Qxb5 Qc7 15. Bg5 Nef6 16. Bxf6 Nxf6 17. Nxe5 axb4 18. cxb4 Nd5 19. c6 Bxe5 20. cxb7 Rad8 21. Bb3 e6 22. Na3 Bxa1 23. Rxa1 Rb8 24. Bxd5 exd5 25. Qd3 Rxb7 26. Nb5 Qc4 27. Qxc4 dxc4 28. a4 Ra8 0-1

[Event "11th LCC FIDE Open 2019"]
[Site "London"]
[Date "2019.12.02"]
[Round "5.7"]
[White "Cox, John J"]
[Black "Moussard, Jules"]
[Result "0-1"]
[ECO "A21"]
[WhiteElo "2306"]
[BlackElo "2600"]
[Annotator "ChessBase"]
[PlyCount "64"]
[EventDate "2019.11.29"]
[EventType "swiss"]
[EventCountry "ENG"]
[SourceTitle "playchess.com"]
[Source "ChessBase"]
[SourceQuality "1"]
[TimeControl "40/5400+30:1800+30"]

1. c4 f5 2. g3 Nf6 3. Bg2 e5 4. Nc3 Bb4 5. Qc2 Nc6 6. Nd5 Nxd5 7. cxd5 Ne7 8. Nh3 O-O 9. O-O d6 10. d4 Kh8 11. a3 Ba5 12. dxe5 dxe5 13. b4 Bb6 14. Bb2 Ng6 15. e3 f4 16. exf4 Bf5 17. Qd2 Qd7 18. Ng5 exf4 19. Qc3 Rae8 20. Ne6 Rf7 21. Rae1 fxg3 22. hxg3 Bxe6 23. dxe6 Rxe6 24. Bh3 Rxe1 25. Bxd7 Bxf2+ 26. Kg2 Rxf1 27. Be6 Rg1+ 28. Kh2 Rxg3 29. Qd2 Rf8 30. Bd4 Nh4 31. Bd5 Nf3+ 32. Bxf3 Rgxf3 0-1

[Event "11th LCC FIDE Open 2019"]
[Site "London"]
[Date "2019.12.02"]
[Round "5.8"]
[White "Maze, Sebastien"]
[Black "Van Zyl-Rudd, Jack"]
[Result "1-0"]
[ECO "A13"]
[WhiteElo "2541"]
[BlackElo "2290"]
[Annotator "ChessBase"]
[PlyCount "31"]
[EventDate "2019.11.29"]
[EventType "swiss"]
[EventCountry "ENG"]
[SourceTitle "playchess.com"]
[Source "ChessBase"]
[SourceQuality "1"]
[TimeControl "40/5400+30:1800+30"]

1. c4 e6 2. Nf3 d5 3. e3 Nf6 4. b3 b6 5. Bb2 Bb7 6. Nc3 Nbd7 7. cxd5 exd5 8. d4 a6 9. g3 Bd6 10. Bg2 O-O 11. O-O Re8 12. Nd2 Rb8 13. Re1 Qe7 14. e4 dxe4 15. Ndxe4 Bb4 16. Nxf6+ 1-0

[Event "11th LCC FIDE Open 2019"]
[Site "London"]
[Date "2019.12.02"]
[Round "5.10"]
[White "Wu, Li"]
[Black "Song, Raymond"]
[Result "0-1"]
[ECO "A42"]
[WhiteElo "2293"]
[BlackElo "2468"]
[Annotator "ChessBase"]
[PlyCount "56"]
[EventDate "2019.11.29"]
[EventType "swiss"]
[EventCountry "ENG"]
[SourceTitle "playchess.com"]
[Source "ChessBase"]
[SourceQuality "1"]
[TimeControl "40/5400+30:1800+30"]

1. d4 d6 2. e4 g6 3. c4 e5 4. Nc3 Nc6 5. d5 Nce7 6. g4 Nf6 7. f3 Bg7 8. Be3 h5 9. g5 Nd7 10. h4 O-O 11. Nh3 c6 12. c5 cxd5 13. cxd6 Nc6 14. Nxd5 Nd4 15. Rc1 Nb6 16. Nc7 Bxh3 17. Bxh3 Rb8 18. Bxd4 exd4 19. Nb5 a6 20. Nxd4 Qxd6 21. Ne2 Qb4+ 22. Qd2 Qb5 23. b3 Rbd8 24. Qc2 Qa5+ 25. Kf1 Rd2 26. Qc7 Qb5 27. Re1 Rfd8 28. Rg1 R8d3 0-1

[Event "11th LCC FIDE Open 2019"]
[Site "London"]
[Date "2019.12.02"]
[Round "5.12"]
[White "Pert, Richard G"]
[Black "Berry, Neil"]
[Result "1/2-1/2"]
[ECO "D02"]
[WhiteElo "2436"]
[BlackElo "2250"]
[Annotator "ChessBase"]
[PlyCount "49"]
[EventDate "2019.11.29"]
[EventType "swiss"]
[EventCountry "ENG"]
[SourceTitle "playchess.com"]
[Source "ChessBase"]
[SourceQuality "1"]
[TimeControl "40/5400+30:1800+30"]

1. d4 Nf6 2. Nf3 e6 3. Bf4 d5 4. e3 Bd6 5. Nbd2 O-O 6. Bd3 c5 7. dxc5 Bxc5 8. O-O Nc6 9. c4 b6 10. a3 Bb7 11. Qe2 Bd6 12. Bg5 h6 13. Bh4 Be7 14. Rad1 Qc7 15. Bg3 Bd6 16. e4 Bxg3 17. hxg3 Ne5 18. cxd5 Nxd3 19. Qxd3 exd5 20. Rc1 Qe7 21. e5 Ne4 22. Nb3 Nc5 23. Qe3 Nxb3 24. Qxb3 d4 25. Rfe1 1/2-1/2

[Event "11th LCC FIDE Open 2019"]
[Site "London"]
[Date "2019.12.02"]
[Round "5.14"]
[White "Gschnitzer, Adrian"]
[Black "Papadiamandis, Elliot"]
[Result "1-0"]
[ECO "B99"]
[WhiteElo "2422"]
[BlackElo "2220"]
[Annotator "ChessBase"]
[PlyCount "55"]
[EventDate "2019.11.29"]
[EventType "swiss"]
[EventCountry "ENG"]
[SourceTitle "playchess.com"]
[Source "ChessBase"]
[SourceQuality "1"]
[TimeControl "40/5400+30:1800+30"]

1. e4 c5 2. Nf3 d6 3. d4 cxd4 4. Nxd4 Nf6 5. Nc3 a6 6. Bg5 e6 7. f4 Be7 8. Qf3 Qc7 9. O-O-O Nbd7 10. g4 b5 11. Bxf6 Nxf6 12. g5 Nd7 13. f5 O-O 14. Rg1 b4 15. Nce2 e5 16. f6 exd4 17. fxe7 Re8 18. e5 d3 19. Qxd3 dxe5 20. Ng3 Nc5 21. Qd8 Qc6 22. Bg2 e4 23. Nxe4 Bd7 24. Nf6+ Qxf6 25. gxf6 Raxd8 26. exd8=Q Rxd8 27. Bh3 g6 28. Rd5 1-0

[Event "11th LCC FIDE Open 2019"]
[Site "London"]
[Date "2019.12.02"]
[Round "5.15"]
[White "McDonald, Neil R"]
[Black "Goh, Zi Han"]
[Result "1-0"]
[ECO "B51"]
[WhiteElo "2412"]
[BlackElo "2134"]
[Annotator "ChessBase"]
[PlyCount "53"]
[EventDate "2019.11.29"]
[EventType "swiss"]
[EventCountry "ENG"]
[SourceTitle "playchess.com"]
[Source "ChessBase"]
[SourceQuality "1"]
[TimeControl "40/5400+30:1800+30"]

1. e4 c5 2. Nf3 d6 3. Bb5+ Nd7 4. a4 Ngf6 5. Qe2 a6 6. Bc4 e6 7. Nc3 Be7 8. O-O O-O 9. d3 b6 10. Ng5 h6 11. Nh3 Ne5 12. Ba2 Nc6 13. f4 Nd4 14. Qd1 Bb7 15. Ne2 Qc7 16. Ng3 b5 17. c3 Nc6 18. f5 e5 19. Nh5 Rad8 20. Nf2 Nb8 21. Nxf6+ Bxf6 22. Qh5 Qe7 23. Ng4 Nd7 24. Rf3 Bg5 25. Nxh6+ gxh6 26. Rg3 Nf6 27. Qxh6 1-0

[Event "11th LCC FIDE Open 2019"]
[Site "London"]
[Date "2019.12.02"]
[Round "5.19"]
[White "Osborne, Marcus E"]
[Black "Percivaldi, Martin"]
[Result "0-1"]
[ECO "A85"]
[WhiteElo "2166"]
[BlackElo "2384"]
[Annotator "RC"]
[PlyCount "112"]
[EventDate "2019.11.29"]
[EventType "swiss"]
[EventCountry "ENG"]
[TimeControl "40/5400+30:1800+30"]

1. c4 e6 2. Nc3 f5 3. d4 Nf6 4. Nf3 Bb4 5. Qb3 a5 6. Bd2 b6 7. g3 Bb7 8. Bg2 O-O 9. O-O Qe7 10. Nb5 Bxd2 11. Nxd2 Bxg2 12. Kxg2 Na6 13. Rae1 d5 14. cxd5 exd5 15. e4 fxe4 16. Nxe4 c6 17. Ng5 Qb4 18. Qxb4 axb4 19. Nd6 Ra7 20. Ne6 Rfa8 21. Nf5 c5 22. f3 cxd4 23. Nfxd4 Nc5 24. Nc6 Rxa2 25. Ne7+ Kf7 26. Ng5+ Kf8 27. Re2 Re8 28. Rfe1 Nd3 29. Ne6+ Kxe7 30. Nf4+ Kd6 31. Nxd3 Rxe2+ 32. Rxe2 Ra4 33. b3 Ra3 34. Rb2 d4 35. Nxb4 Kc5 36. Nd3+ Kb5 37. Kf2 Nd5 38. Ke2 Ra1 39. Ne5 Nb4 40. f4 Rh1 41. Kf3 Re1 42. Rd2 Re3+ 43. Kf2 Kc5 44. Nd7+ Kd5 45. Nxb6+ Ke4 46. Nd7 Nd3+ 47. Kg2 Re1 48. Nb6 Nc5 49. Kf2 Rh1 50. Kg2 Rb1 51. Kf2 Nxb3 52. Re2+ Kd3 53. Re7 Rb2+ 54. Kf3 Nd2+ 55. Kg4 Rxb6 56. Rxg7 Ne4 0-1

[Event "11th LCC FIDE Open 2019"]
[Site "London"]
[Date "2019.12.02"]
[Round "5.20"]
[White "Pasztor, Balazs"]
[Black "Taylor, Adam C"]
[Result "0-1"]
[ECO "C54"]
[WhiteElo "2166"]
[BlackElo "2371"]
[Annotator "ChessBase"]
[PlyCount "116"]
[EventDate "2019.11.29"]
[EventType "swiss"]
[EventCountry "ENG"]
[SourceTitle "playchess.com"]
[Source "ChessBase"]
[SourceQuality "1"]
[TimeControl "40/5400+30:1800+30"]

1. e4 e5 2. Nf3 Nc6 3. Bc4 Bc5 4. c3 Nf6 5. d3 O-O 6. Bb3 h6 7. O-O d6 8. Nbd2 a5 9. h3 Bd7 10. Re1 a4 11. Bc2 Qb8 12. Nf1 Qa7 13. Be3 Bxe3 14. Nxe3 Ne7 15. Qd2 Ng6 16. Rad1 Rfe8 17. Nf5 Qb6 18. Bb1 d5 19. Ne3 c6 20. exd5 cxd5 21. d4 e4 22. Nh2 Qc7 23. f3 Ra5 24. fxe4 dxe4 25. d5 Qg3 26. c4 Rc5 27. Qf2 Qxf2+ 28. Kxf2 b5 29. b4 axb3 30. axb3 bxc4 31. bxc4 Ne5 32. Rd4 Rec8 33. Bxe4 Nxe4+ 34. Rxe4 Nd3+ 35. Ke2 Nxe1 36. Kxe1 f5 37. Re7 f4 38. Rxd7 fxe3 39. Re7 Rxc4 40. Rxe3 Rc1+ 41. Kf2 Rd1 42. Re2 Rxd5 43. Nf3 Kh7 44. Kg3 Rdc5 45. Re4 Rc4 46. Re3 Rc2 47. Kh2 R8c3 48. Rxc3 Rxc3 49. Kg3 Ra3 50. Kg4 Kg6 51. Ne5+ Kf6 52. Nf3 Ra4+ 53. Kg3 Kf5 54. Nh2 Ra3+ 55. Nf3 Rc3 56. h4 Ra3 57. h5 Rc3 58. Kh4 Rxf3 0-1

[Event "11th LCC FIDE Open 2019"]
[Site "London"]
[Date "2019.12.02"]
[Round "5.22"]
[White "Villiers, Thomas"]
[Black "Paterek, Michal"]
[Result "1/2-1/2"]
[ECO "B16"]
[WhiteElo "2145"]
[BlackElo "2317"]
[Annotator "ChessBase"]
[PlyCount "51"]
[EventDate "2019.11.29"]
[EventType "swiss"]
[EventCountry "ENG"]
[SourceTitle "playchess.com"]
[Source "ChessBase"]
[SourceQuality "1"]
[TimeControl "40/5400+30:1800+30"]

1. e4 c6 2. d4 d5 3. Nc3 dxe4 4. Nxe4 Nf6 5. Nxf6+ gxf6 6. Bc4 Bf5 7. Ne2 Nd7 8. Ng3 Bg6 9. O-O Nb6 10. Bb3 h5 11. h4 Qd7 12. f4 f5 13. Be3 Bg7 14. Nh1 Nd5 15. Bc1 Nf6 16. Nf2 Rd8 17. c3 Ne4 18. Nd3 e6 19. Be3 Qe7 20. Qe1 Bf6 21. g3 Rg8 22. Bf2 b6 23. Kh2 Kf8 24. Rd1 Kg7 25. Ne5 Qc7 26. Qe2 1/2-1/2

[Event "11th LCC FIDE Open 2019"]
[Site "London"]
[Date "2019.12.02"]
[Round "5.24"]
[White "Stanisz, Patryk"]
[Black "Zapolskis, Antanas"]
[Result "0-1"]
[ECO "A46"]
[WhiteElo "2139"]
[BlackElo "2280"]
[Annotator "ChessBase"]
[PlyCount "62"]
[EventDate "2019.11.29"]
[EventType "swiss"]
[EventCountry "ENG"]
[SourceTitle "playchess.com"]
[Source "ChessBase"]
[SourceQuality "1"]
[TimeControl "40/5400+30:1800+30"]

1. d4 b5 2. Nf3 Nf6 3. Bg5 Ne4 4. Bh4 Bb7 5. Nbd2 d5 6. e3 a6 7. Nxe4 dxe4 8. Nd2 g6 9. c4 Bg7 10. cxb5 O-O 11. bxa6 Nxa6 12. Qb3 Bd5 13. Qa3 c5 14. Bxa6 Qd6 15. Rc1 g5 16. Bxg5 Qg6 17. Bxe7 Rxa6 18. Qc3 cxd4 19. exd4 Rc6 20. Bc5 Qxg2 21. Rf1 Re8 22. Kd1 Qg4+ 23. f3 exf3 24. b4 Rce6 25. Kc2 Re3 26. Qa1 Qf5+ 27. Kb2 Qd3 28. Rc2 Bxd4+ 29. Bxd4 Qxd4+ 30. Kb1 Re1+ 31. Rc1 Qd3+ 0-1

[Event "11th LCC FIDE Open 2019"]
[Site "London"]
[Date "2019.12.02"]
[Round "5.25"]
[White "Stoyanov, Viktor"]
[Black "Willmoth, Robert F"]
[Result "1-0"]
[ECO "B07"]
[WhiteElo "2272"]
[BlackElo "2108"]
[Annotator "ChessBase"]
[PlyCount "101"]
[EventDate "2019.11.29"]
[EventType "swiss"]
[EventCountry "ENG"]
[SourceTitle "playchess.com"]
[Source "ChessBase"]
[SourceQuality "1"]
[TimeControl "40/5400+30:1800+30"]

1. e4 d6 2. d4 Nf6 3. Nc3 g6 4. Be3 c6 5. h3 Bg7 6. f4 d5 7. e5 Ne4 8. Nxe4 dxe4 9. Ne2 Qb6 10. Qc1 O-O 11. Nc3 f5 12. Bc4+ Kh8 13. h4 h6 14. Bb3 a5 15. a3 Bd7 16. Qd2 Qc7 17. h5 gxh5 18. Rxh5 e6 19. g3 c5 20. dxc5 Na6 21. Qd6 Rf7 22. Qxc7 Nxc7 23. O-O-O a4 24. Bc4 Bc6 25. Rg1 Rg8 26. g4 fxg4 27. Rxg4 Rgf8 28. b4 axb3 29. cxb3 Rd8 30. Rh2 Kh7 31. Rd2 Rxd2 32. Kxd2 h5 33. Rg5 Rf5 34. Rxf5 exf5 35. Ke1 Bd7 36. b4 Bf8 37. Kf2 Kg6 38. a4 Be6 39. Bxe6 Nxe6 40. Nd5 Kf7 41. Kg3 Ke8 42. Kh4 Kd7 43. Kxh5 Kc6 44. Nc3 b6 45. b5+ Kb7 46. cxb6 Bc5 47. Bxc5 Nxc5 48. Kg5 e3 49. Kxf5 Nxa4 50. Nxa4 e2 51. Nc5+ 1-0

[Event "11th LCC FIDE Open 2019"]
[Site "London"]
[Date "2019.12.02"]
[Round "5.26"]
[White "Semprun Martinez, Fernando"]
[Black "McClement, Andrew"]
[Result "1/2-1/2"]
[ECO "B81"]
[WhiteElo "2071"]
[BlackElo "2226"]
[Annotator "RC"]
[PlyCount "80"]
[EventDate "2019.11.29"]
[EventType "swiss"]
[EventCountry "ENG"]
[SourceTitle "playchess.com"]
[Source "ChessBase"]
[SourceQuality "1"]
[TimeControl "40/5400+30:1800+30"]

1. e4 c5 2. Nf3 d6 3. d4 cxd4 4. Nxd4 Nf6 5. Nc3 e6 6. g4 h6 7. h4 Nc6 8. Rg1 d5 9. exd5 Nxd5 10. Nxd5 Qxd5 11. Bg2 Qa5+ 12. Bd2 Qe5+ 13. Be3 Bd7 14. Nxc6 Bxc6 15. Bxc6+ bxc6 16. Qd4 Qxd4 17. Bxd4 c5 18. Bc3 O-O-O 19. Ke2 f6 20. Rad1 Be7 21. Rxd8+ Rxd8 22. h5 Kb7 23. Rg3 Kc6 24. Re3 Rd6 25. f4 Bd8 26. Kf3 Be7 27. Re2 Kd7 28. Ke4 Rd1 29. Rd2+ Rxd2 30. Bxd2 Kc6 31. c4 Bd6 32. Bc3 Bf8 33. a3 a6 34. b4 Bd6 35. Bd2 Be7 36. Bc3 Bd6 37. Bd2 Be7 38. f5 e5 39. Be1 Bf8 40. Bc3 Be7 1/2-1/2

[Event "11th LCC FIDE Open 2019"]
[Site "London"]
[Date "2019.12.02"]
[Round "5.28"]
[White "Russell, Christopher"]
[Black "Marusenko, Petr"]
[Result "1-0"]
[ECO "B18"]
[WhiteElo "2190"]
[BlackElo "2085"]
[Annotator "ChessBase"]
[PlyCount "59"]
[EventDate "2019.11.29"]
[EventType "swiss"]
[EventCountry "ENG"]
[SourceTitle "playchess.com"]
[Source "ChessBase"]
[SourceQuality "1"]
[TimeControl "40/5400+30:1800+30"]

1. e4 c6 2. d4 d5 3. Nc3 dxe4 4. Nxe4 Bf5 5. Ng3 Bg6 6. Nh3 e6 7. Nf4 Bd6 8. Ngh5 Nf6 9. Nxg7+ Kd7 10. Be2 Bxf4 11. Bxf4 Rg8 12. Bh6 Ne4 13. Nh5 Bxh5 14. Bxh5 Qh4 15. Qf3 f5 16. Bf7 Rd8 17. Bf4 Rf8 18. g3 Qh3 19. Bxe6+ Kxe6 20. Qb3+ Ke7 21. Qb4+ c5 22. dxc5 Nd7 23. O-O-O a5 24. Qxb7 Nexc5 25. Bd6+ Kf6 26. Bxc5 Nxc5 27. Rd6+ Ne6 28. Rxe6+ Kxe6 29. Re1+ Kf6 30. Qe7+ 1-0

[Event "11th LCC FIDE Open 2019"]
[Site "London"]
[Date "2019.12.02"]
[Round "5.29"]
[White "Royal, Shreyas"]
[Black "Smith, Andrew P"]
[Result "1/2-1/2"]
[ECO "A61"]
[WhiteElo "1941"]
[BlackElo "2172"]
[Annotator "ChessBase"]
[PlyCount "38"]
[EventDate "2019.11.29"]
[EventType "swiss"]
[EventCountry "ENG"]
[SourceTitle "playchess.com"]
[Source "ChessBase"]
[SourceQuality "1"]
[TimeControl "40/5400+30:1800+30"]

1. d4 Nf6 2. c4 c5 3. d5 e6 4. Nc3 exd5 5. cxd5 d6 6. Nf3 g6 7. Bf4 a6 8. a4 Bg7 9. h3 O-O 10. e3 Qe7 11. Be2 Nbd7 12. O-O Nh5 13. Bh2 f5 14. Re1 Nhf6 15. Qc2 Rb8 16. Rad1 Re8 17. Bf4 Qf8 18. Bh2 Kh8 19. Bg3 Nh5 1/2-1/2

[Event "11th LCC FIDE Open 2019"]
[Site "London"]
[Date "2019.12.02"]
[Round "5.30"]
[White "Grigoryan, Meri"]
[Black "Clarke, Brandon Gi"]
[Result "0-1"]
[ECO "B25"]
[WhiteElo "2050"]
[BlackElo "2431"]
[Annotator "ChessBase"]
[PlyCount "58"]
[EventDate "2019.11.29"]
[EventType "swiss"]
[EventCountry "ENG"]
[SourceTitle "playchess.com"]
[Source "ChessBase"]
[SourceQuality "1"]
[TimeControl "40/5400+30:1800+30"]

1. e4 c5 2. Nc3 Nc6 3. f4 g6 4. Nf3 Bg7 5. g3 d6 6. Bg2 e6 7. O-O Nge7 8. d3 O-O 9. Kh1 b6 10. g4 f5 11. exf5 exf5 12. g5 d5 13. Ne2 d4 14. Re1 Nd5 15. Neg1 Qd6 16. Nh3 Bb7 17. Bd2 Rfe8 18. c3 dxc3 19. bxc3 Bxc3 20. Bxc3 Nxc3 21. Qb3+ Nd5 22. Rxe8+ Rxe8 23. Re1 Rxe1+ 24. Nxe1 Nd4 25. Qc4 Kg7 26. Qc1 Qe7 27. Nf3 Ne3 28. Qc3 Nxg2 29. Nxd4 Qe1+ 0-1

[Event "11th LCC FIDE Open 2019"]
[Site "London"]
[Date "2019.12.02"]
[Round "5.30"]
[White "Royal, Shreyas"]
[Black "Smith, Andrew P"]
[Result "*"]
[ECO "A61"]
[WhiteElo "1941"]
[BlackElo "2172"]
[Annotator "ChessBase"]
[PlyCount "27"]
[EventDate "2019.11.29"]
[EventType "swiss"]
[EventCountry "ENG"]
[SourceTitle "playchess.com"]
[Source "ChessBase"]
[SourceQuality "1"]
[TimeControl "40/5400+30:1800+30"]

1. d4 Nf6 2. c4 c5 3. d5 e6 4. Nc3 exd5 5. cxd5 d6 6. Nf3 g6 7. Bf4 a6 8. a4 Bg7 9. h3 O-O 10. e3 Qe7 11. Be2 Nbd7 12. O-O Nh5 13. Bh2 f5 14. Re1 *

[Event "11th LCC FIDE Open 2019"]
[Site "London"]
[Date "2019.12.02"]
[Round "5.31"]
[White "Grigoryan, Meri"]
[Black "Clarke, Brandon Gi"]
[Result "*"]
[ECO "B25"]
[WhiteElo "2050"]
[BlackElo "2431"]
[Annotator "ChessBase"]
[PlyCount "24"]
[EventDate "2019.11.29"]
[EventType "swiss"]
[EventCountry "ENG"]
[SourceTitle "playchess.com"]
[Source "ChessBase"]
[SourceQuality "1"]
[TimeControl "40/5400+30:1800+30"]

1. e4 c5 2. Nc3 Nc6 3. f4 g6 4. Nf3 Bg7 5. g3 d6 6. Bg2 e6 7. O-O Nge7 8. d3 O-O 9. Kh1 b6 10. g4 f5 11. exf5 exf5 12. g5 d5 *

[Event "11th LCC FIDE Open 2019"]
[Site "London"]
[Date "2019.12.02"]
[Round "5.31"]
[White "Walker, Samuel A"]
[Black "Ahn, Sungmin"]
[Result "1/2-1/2"]
[ECO "A07"]
[WhiteElo "2039"]
[BlackElo "1780"]
[Annotator "NA RC"]
[PlyCount "97"]
[EventDate "2019.11.29"]
[EventType "swiss"]
[EventCountry "ENG"]
[SourceTitle "playchess.com"]
[Source "ChessBase"]
[SourceQuality "1"]
[TimeControl "40/5400+30:1800+30"]

1. Nf3 g6 2. g3 Bg7 3. Bg2 e5 4. d3 d5 5. O-O Ne7 6. c4 c6 7. e3 {[%emt 0:06:14] A07: Réti Opening: New York and Capablanca Systems} (7. Nc3 O-O 8. Qc2 d4 9. Ne4 f5 10. Ned2 c5 11. b4 Nbc6 12. bxc5 e4 13. Ng5 h6 14. Ngxe4 fxe4 15. Nxe4 {0-1 (27) Petrosian,T (2598)-Cheparinov,I (2709) St Petersburg 2018}) 7... O-O 8. Nc3 h6 $146 ({Predecessor:} 8... dxc4 9. dxc4 Qxd1 10. Rxd1 Be6 11. Nd2 Rd8 12. b3 Bg4 13. f3 e4 14. Bb2 exf3 15. Nxf3 {1-0 (48) Bilgin,M (1888)-Ciblakbas,S (1698) Konya 2018}) 9. Qc2 Be6 10. b3 Na6 11. a3 Qd7 12. Re1 Bh3 13. Bh1 Nc7 14. Bb2 Ne6 15. Rac1 Rac8 16. Qb1 g5 17. Ne2 Ng6 18. b4 g4 19. cxd5 cxd5 ({Don't play} 19... gxf3 $6 20. dxe6 fxe6 21. Nc3 $11) 20. Nd2 Ng5 21. Qa2 Ne7 22. Rxc8 Rxc8 23. Rc1 Rc6 24. Rxc6 bxc6 25. Qb3 Qf5 26. e4 Qd7 27. Nc3 d4 28. Na4 Ne6 29. Qc4 Qb7 30. Nc5 Nxc5 31. Qxc5 Qb5 32. Qc2 (32. Qxe7 $2 Qxd3 33. Bc1 Qc2 $19) 32... a5 33. Qc4 ({Better is} 33. bxa5 $14 Qxa5 34. Bg2) 33... axb4 34. axb4 Bf8 35. Bg2 Bxg2 36. Kxg2 Nc8 37. Qc2 Qxb4 38. Nc4 Qb5 39. Qe2 h5 40. h3 gxh3+ 41. Kxh3 Nb6 42. Nxb6 Qxb6 43. Bc1 Qb1 44. Qd2 Bg7 45. g4 hxg4+ 46. Kxg4 Qb3 47. Kf3 c5 48. Kg2 c4 $11 49. Qg5 1/2-1/2

[Event "11th LCC FIDE Open 2019"]
[Site "London"]
[Date "2019.12.02"]
[Round "5.32"]
[White "Zujev, Oleg"]
[Black "Nilssen, Ellen Fredericia"]
[Result "1/2-1/2"]
[ECO "D36"]
[WhiteElo "2316"]
[BlackElo "2004"]
[Annotator "ChessBase"]
[PlyCount "71"]
[EventDate "2019.11.29"]
[EventType "swiss"]
[EventCountry "ENG"]
[SourceTitle "playchess.com"]
[Source "ChessBase"]
[SourceQuality "1"]
[TimeControl "40/5400+30:1800+30"]

1. d4 d5 2. c4 e6 3. Nc3 Nf6 4. cxd5 exd5 5. Bg5 Be7 6. e3 c6 7. Bd3 Nbd7 8. Qc2 Nh5 9. Bxe7 Qxe7 10. Nge2 g6 11. O-O O-O 12. Na4 Ndf6 13. Qc5 Re8 14. b4 Ne4 15. Qxe7 Rxe7 16. Rfc1 Nd6 17. Nec3 Nf6 18. b5 cxb5 19. Nxb5 Nxb5 20. Bxb5 Bf5 21. Rc5 Rd8 22. Rac1 Ne4 23. Rc7 Rxc7 24. Rxc7 Rc8 25. Rxc8+ Bxc8 26. f3 Nd6 27. Bd3 Bf5 28. Be2 Bd7 29. Nc5 Bc6 30. Kf2 Kf8 31. Bd3 a5 32. Ke2 Ke7 33. Nb3 b6 34. Nd2 Nb5 35. Nb1 Ke6 36. Kd2 {[%emt 0:01:25] Ke5} 1/2-1/2

[Event "11th LCC FIDE Open 2019"]
[Site "London"]
[Date "2019.12.02"]
[Round "5.33"]
[White "Zujev, Oleg"]
[Black "Nilssen, Ellen Fredericia"]
[Result "*"]
[ECO "D36"]
[WhiteElo "2316"]
[BlackElo "2004"]
[Annotator "ChessBase"]
[PlyCount "31"]
[EventDate "2019.11.29"]
[EventType "swiss"]
[EventCountry "ENG"]
[SourceTitle "playchess.com"]
[Source "ChessBase"]
[SourceQuality "1"]
[TimeControl "40/5400+30:1800+30"]

1. d4 d5 2. c4 e6 3. Nc3 Nf6 4. cxd5 exd5 5. Bg5 Be7 6. e3 c6 7. Bd3 Nbd7 8. Qc2 Nh5 9. Bxe7 Qxe7 10. Nge2 g6 11. O-O O-O 12. Na4 Ndf6 13. Qc5 Re8 14. b4 Ne4 15. Qxe7 Rxe7 16. Rfc1 *

[Event "11th LCC FIDE Open 2019"]
[Site "London"]
[Date "2019.12.02"]
[Round "5.33"]
[White "Cumming, Rhys"]
[Black "Karumazondo, Ragarirai Ernest"]
[Result "1-0"]
[ECO "A52"]
[WhiteElo "2284"]
[BlackElo "1972"]
[Annotator "ChessBase"]
[PlyCount "45"]
[EventDate "2019.11.29"]
[EventType "swiss"]
[EventCountry "ENG"]
[SourceTitle "playchess.com"]
[Source "ChessBase"]
[SourceQuality "1"]
[TimeControl "40/5400+30:1800+30"]

1. d4 Nf6 2. c4 e5 3. dxe5 Ng4 4. Bf4 g5 5. Bd2 Nxe5 6. Nf3 Bg7 7. Nxe5 Bxe5 8. Nc3 d6 9. g3 Nc6 10. Bg2 Be6 11. h4 g4 12. Nd5 h6 13. Qc1 Bg7 14. Bc3 Ne5 15. Nf4 c6 16. Nh5 Bf8 17. Qf4 Qc7 18. Nf6+ Kd8 19. Rd1 Kc8 20. c5 Ng6 21. Qe3 Bg7 22. h5 Nf8 23. Ne8 1-0

[Event "11th LCC FIDE Open 2019"]
[Site "London"]
[Date "2019.12.02"]
[Round "5.34"]
[White "Cumming, Rhys"]
[Black "Karumazondo, Ragarirai Ernest"]
[Result "*"]
[ECO "A52"]
[WhiteElo "2284"]
[BlackElo "1972"]
[Annotator "ChessBase"]
[PlyCount "24"]
[EventDate "2019.11.29"]
[EventType "swiss"]
[EventCountry "ENG"]
[SourceTitle "playchess.com"]
[Source "ChessBase"]
[SourceQuality "1"]
[TimeControl "40/5400+30:1800+30"]

1. d4 Nf6 2. c4 e5 3. dxe5 Ng4 4. Bf4 g5 5. Bd2 Nxe5 6. Nf3 Bg7 7. Nxe5 Bxe5 8. Nc3 d6 9. g3 Nc6 10. Bg2 Be6 11. h4 g4 12. Nd5 h6 *